Stars vs RedWings

Created - 18 mars 2018 at 23:19

Goals
1 2 3 T
Stars 0 3 0 3
RedWings 0 0 1 1
Shots
1 2 3 T
Stars 4 10 8 22
RedWings 5 8 13 26

1st period

No Goal

Penalties :
Ryan Nugent-Hopkins (DAL) for Interference (Minor) at 3:15, Rasmus Ristolainen (DAL) for Hooking (Minor) at 12:09, Eric Gryba (DET) for Tripping (Minor) at 19:17

2nd period

1. Stars , Jack Eichel 26 (Jakub Voracek 21, Jonathan Huberdeau 25) at 12:40
2. Stars , John Mitchell 6 (Jonny Brodzinski 4, Jonathan Huberdeau 26) at 16:56
3. Stars , Jack Eichel 27 (John Klingberg 26) at 17:49

Penalties :
Loui Eriksson (DET) for Boarding (Minor) at 7:19

3rd period

4. RedWings , Erik Haula 10 (Ryan Hartman 12, Dennis Seidenberg 26) at 10:19

Penalties :
Paul Martin (DET) for Cross-checking (Minor) at 0:18, Kyle Okposo (DAL) for Delaying the game (Minor) at 3:34, Rasmus Ristolainen (DAL) for Slashing (Minor) at 17:54

Goalie Stats

Jonathan Quick (DAL), 25 saves from 26 shots - (0.962), W, 30-21-12, 60:00 minutes
John Gibson (DET), 19 saves from 22 shots - (0.864), L, 16-11-0, 60:00 minutes

Players Stats for Stars

Player Name              G  A  P  +/- PIM S  H  SB GA TA FO     MP     PP MP  PK MP  
------------------------------------------------------------------------------------
Brandon Manning          0  0  0   1  0   1  1  0  0  0  0/0    12:05   0:00   1:23 
Devin Shore              0  0  0  -1  0   0  0  0  0  0  9/18   12:30   0:00   1:11 
Duncan Keith             0  0  0   0  0   2  2  3  0  0  0/0    26:09   3:01   3:43 
Jack Eichel              2  0  2   2  0   4  0  0  0  0  4/21   18:48   2:37   0:40 
Jakub Voracek            0  1  1   2  0   0  0  0  0  0  0/0    18:08   2:37   0:00 
Jeff Petry               0  0  0   1  0   0  0  0  0  0  0/0    14:55   0:00   4:13 
John Klingberg           0  1  1   1  0   3  0  0  0  0  0/0    21:34   3:01   0:32 
John Mitchell            1  0  1   1  0   2  0  0  0  0  4/7     7:10   0:00   2:49 
Jonathan Huberdeau       0  2  2   3  0   0  3  0  0  0  1/2    22:22   2:37   1:12 
Jonny Brodzinski         0  1  1   1  0   1  0  0  0  0  1/2     4:21   0:00   0:00 
Kyle Okposo              0  0  0   0  2   4  2  0  0  0  0/0    18:15   3:20   0:00 
Michael Bournival        0  0  0   0  0   0  0  0  0  0  0/0     0:28   0:00   0:00 
Paul Byron               0  0  0   0  0   2  7  0  0  0  1/3    22:17   3:20   3:55 
Rasmus Ristolainen       0  0  0   1  4   0  6  0  0  0  0/0    20:42   2:56   1:48 
Richard Panik            0  0  0  -1  0   1  2  1  0  0  0/2    12:04   0:00   0:00 
Ryan Nugent-Hopkins      0  0  0   0  2   2  0  0  0  0  10/28  21:31   3:20   3:16 
Tommy Wingels            0  0  0  -1  0   0  2  0  0  0  0/0    14:08   0:00   2:49 
Zdeno Chara              0  0  0   0  0   0  4  1  0  0  0/0    24:33   2:56   4:13 

Players Stats for RedWings

Player Name              G  A  P  +/- PIM S  H  SB GA TA FO     MP     PP MP  PK MP  
------------------------------------------------------------------------------------
Andrew Cogliano          0  0  0   0  0   1  0  0  0  0  0/0     1:01   0:00   1:01 
Ben Lovejoy              0  0  0  -1  0   0  1  2  0  0  0/0    16:57   1:37   2:52 
David Pastrnak           0  0  0  -1  0   2  2  0  0  0  0/0    21:55   3:16   0:25 
Dennis Seidenberg        0  1  1   0  0   2  1  3  0  0  0/0    19:56   2:35   2:02 
Eric Gryba               0  0  0  -1  2   0  4  2  0  0  0/0    17:36   3:44   0:40 
Erik Haula               1  0  1   0  0   3  1  0  0  0  13/23  16:37   0:16   3:46 
Filip Forsberg           0  0  0  -1  0   6  2  0  0  0  0/1    23:11   4:06   0:51 
Jonathan Drouin          0  0  0  -1  0   1  1  0  0  0  1/2    20:42   4:31   0:53 
Kris Russell             0  0  0  -1  0   0  1  0  0  0  0/0    20:49   0:00   3:02 
Loui Eriksson            0  0  0  -1  2   1  0  0  0  0  0/0    21:55   3:43   2:50 
Micheal Ferland          0  0  0   0  0   0  0  0  0  0  0/0     3:51   0:00   0:16 
Nick Jensen              0  0  0  -1  0   1  0  0  0  0  0/0    12:27   0:00   0:00 
Paul Martin              0  0  0  -1  2   0  0  2  0  0  0/0    23:08   3:40   1:08 
Ryan Hartman             0  1  1   0  0   1  3  0  0  0  1/2     9:00   0:00   0:00 
Sam Gagner               0  0  0  -1  0   1  2  0  0  0  16/24  18:52   3:34   0:00 
Sean Monahan             0  0  0  -1  0   4  2  0  0  0  22/31  23:21   4:06   1:01 
Thomas Hickey            0  0  0   1  0   0  0  1  0  0  0/0     9:00   4:16   2:10 
Tyler Toffoli            0  0  0   0  0   3  1  0  0  0  0/0    13:42   0:16   0:51 

3 Stars

1 - Jack Eichel (DAL)
2 - Jonathan Huberdeau (DAL)
3 - Jonathan Quick (DAL)

Power Play

Stars - 0 on 3 Attempt(s) - 0.00%
RedWings - 0 on 4 Attempt(s) - 0.00%

Penalty Kill

Stars - 4 on 4 Attempt(s) - 100.00% - Score 0 goal in Penalty Kill
RedWings - 3 on 3 Attempt(s) - 100.00% - Score 0 goal in Penalty Kill

Team Stat

Stars - Hits : 29 - Faceoff Wins : 30 - Blocked Shots : 5 - Penalty Minutes : 8
RedWings - Hits : 21 - Faceoff Wins : 53 - Blocked Shots : 10 - Penalty Minutes : 6

Official

Referees : Greg Kimmerly and Tom Kowal
Linesman : Derek Nansen and Ryan Gibbons

Game Notes

Ben Lovejoy is injured at 2:44 of 3rd period (Right Hip)

Finance

Level 1 -- Attendance: 6468 (99.51%) -- Ticket Income 433 356 $
Level 2 -- Attendance: 5000 (100.00%) -- Ticket Income 250 000 $
Level 3 -- Attendance: 3305 (94.43%) -- Ticket Income 89 235 $
Level 4 -- Attendance: 2799 (69.51%) -- Ticket Income 22 392 $
Luxury Box -- Attendance: 1000 (100.00%) -- Ticket Income 130 000 $
Game was played at the Joe Louis Arena.
Total Attendance: 18572 (92.73%)
Total Ticket Income: 924 983 $
Other Income: 138 747 $
Total Income: 1 063 730 $

% Time on Ice - Stars

Lines # - Real PCT - Wanted PCT - Time Play
Normal Forward
1 - 34% - 40% - 15:31
2 - 32% - 30% - 14:56
3 - 25% - 20% - 11:19
4 - 9% - 10% - 4:21
Normal Defense
1 - 38% - 40% - 17:24
2 - 35% - 30% - 16:00
3 - 23% - 20% - 10:42
4 - 4% - 10% - 2:01
PP Forward
1 - 44% - 60% - 2:37
2 - 56% - 40% - 3:20
PP Defense
1 - 51% - 60% - 3:01
2 - 49% - 40% - 2:56
PK Forward
1 - 64% - 60% - 5:07
2 - 36% - 40% - 2:49
PK Defense
1 - 47% - 60% - 3:43
2 - 53% - 40% - 4:13
PK3 Forward
1 - 0% - 60%
2 - 0% - 40%
PK3 Defense
1 - 0% - 60%
2 - 0% - 40%
44 Forward
1 - 0% - 60%
2 - 0% - 40%
44 Defense
1 - 0% - 60%
2 - 0% - 40%
Last Minute Offensive  - 0:00
Last Minute Defensive  - 0:00
Total
Forward - 60:00
Defense - 60:00

% Time on Ice - RedWings

Lines # - Real PCT - Wanted PCT - Time Play
Normal Forward
1 - 40% - 40% - 18:14
2 - 33% - 30% - 15:18
3 - 20% - 20% - 9:00
4 - 8% - 10% - 3:35
Normal Defense
1 - 42% - 40% - 19:31
2 - 31% - 30% - 14:28
3 - 24% - 20% - 11:11
4 - 2% - 10% - 0:57
PP Forward
1 - 48% - 60% - 3:50
2 - 52% - 40% - 4:06
PP Defense
1 - 46% - 60% - 3:40
2 - 54% - 40% - 4:16
PK Forward
1 - 83% - 60% - 4:56
2 - 17% - 40% - 1:01
PK Defense
1 - 60% - 60% - 3:34
2 - 40% - 40% - 2:23
PK3 Forward
1 - 0% - 60%
2 - 0% - 40%
PK3 Defense
1 - 0% - 60%
2 - 0% - 40%
44 Forward
1 - 0% - 60%
2 - 0% - 40%
44 Defense
1 - 0% - 60%
2 - 0% - 40%
Last Minute Offensive  - 0:00
Last Minute Defensive  - 0:00
Total
Forward - 60:00
Defense - 60:00

Play by Play

1st period


0:01 of 1st period - Sean Monahan wins face-off versus Jack Eichel in neutral zone.
0:06 of 1st period - Zdeno Chara is hit by David Pastrnak and loses puck.
1:19 of 1st period - Shot by Paul Byron.
1:19 of 1st period - Shot Misses the Net.
1:21 of 1st period - Shot by Ryan Nugent-Hopkins.
1:21 of 1st period - Shot Misses the Net.
1:31 of 1st period - Shot by Kyle Okposo.
1:31 of 1st period - Stopped by John Gibson without a rebound.
1:32 of 1st period - Erik Haula wins face-off versus Devin Shore in RedWings zone.
1:32 of 1st period - Erik Haula is hit by Richard Panik.
1:42 of 1st period - Shot by Tyler Toffoli.
1:42 of 1st period - Stopped by Jonathan Quick without a rebound.
1:43 of 1st period - Erik Haula wins face-off versus Jonny Brodzinski in Stars zone.
2:21 of 1st period - Icing by Paul Martin.
2:22 of 1st period - Erik Haula wins face-off versus Devin Shore in RedWings zone.
2:22 of 1st period - Tyler Toffoli is hit by Tommy Wingels and loses puck.
3:10 of 1st period - Icing by Eric Gryba.
3:11 of 1st period - Sean Monahan wins face-off versus Ryan Nugent-Hopkins in RedWings zone.
3:13 of 1st period - Filip Forsberg is hit by Paul Byron and loses puck.
3:15 of 1st period - Minor Penalty to Ryan Nugent-Hopkins for Interference.
3:16 of 1st period - Sam Gagner wins face-off versus Devin Shore in Stars zone.
3:34 of 1st period - Shot by Loui Eriksson.
3:34 of 1st period - Shot Misses the Net.
4:31 of 1st period - Paul Martin is hit by Zdeno Chara and loses puck.
4:46 of 1st period - Shot by David Pastrnak.
4:46 of 1st period - Stopped by Jonathan Quick without a rebound.
4:47 of 1st period - Sam Gagner wins face-off versus Jack Eichel in Stars zone.
5:00 of 1st period - Shot by Sam Gagner.
5:00 of 1st period - Stopped by Jonathan Quick without a rebound.
5:01 of 1st period - John Mitchell wins face-off versus Sean Monahan in Stars zone.
5:01 of 1st period - John Mitchell is hit by Filip Forsberg.
5:25 of 1st period - Rasmus Ristolainen is hit by Tyler Toffoli and loses puck.
5:44 of 1st period - Erik Haula is hit by Jonathan Huberdeau and loses puck.
5:48 of 1st period - Icing by Dennis Seidenberg.
5:49 of 1st period - Devin Shore wins face-off versus Erik Haula in RedWings zone.
8:01 of 1st period - Erik Haula is hit by Paul Byron and loses puck.
8:05 of 1st period - Icing by Kris Russell.
8:06 of 1st period - Jack Eichel wins face-off versus Erik Haula in RedWings zone.
8:16 of 1st period - Tyler Toffoli is hit by Jonathan Huberdeau and loses puck.
8:28 of 1st period - Shot by Jonathan Huberdeau.
8:28 of 1st period - Shot Misses the Net.
8:30 of 1st period - Shot by Jack Eichel.
8:30 of 1st period - Deflect By Jonathan Huberdeau.
8:30 of 1st period - Shot Misses the Net.
8:32 of 1st period - Shot by Jeff Petry.
8:32 of 1st period - Shot Misses the Net.
8:34 of 1st period - Shot by Jonathan Huberdeau.
8:34 of 1st period - Shot Misses the Net.
8:36 of 1st period - Shot by Brandon Manning.
8:36 of 1st period - Shot Blocked by Dennis Seidenberg.
8:55 of 1st period - Erik Haula is hit by Zdeno Chara and loses puck.
9:07 of 1st period - Icing by Zdeno Chara.
9:08 of 1st period - Sean Monahan wins face-off versus John Mitchell in Stars zone.
9:08 of 1st period - David Pastrnak is hit by Zdeno Chara and loses puck.
9:38 of 1st period - Icing by Paul Martin.
9:39 of 1st period - Ryan Nugent-Hopkins wins face-off versus Sean Monahan in RedWings zone.
10:47 of 1st period - Shot by Jakub Voracek.
10:47 of 1st period - Shot Misses the Net.
10:49 of 1st period - Shot by Jeff Petry.
10:49 of 1st period - Shot Misses the Net.
10:53 of 1st period - Shot by Jack Eichel.
10:53 of 1st period - Stopped by John Gibson without a rebound.
10:54 of 1st period - Sam Gagner wins face-off versus Devin Shore in RedWings zone.
11:37 of 1st period - Icing by Duncan Keith.
11:38 of 1st period - Devin Shore wins face-off versus Ryan Hartman in Stars zone.
11:38 of 1st period - Devin Shore is hit by Ryan Hartman.
11:55 of 1st period - Tyler Toffoli is hit by Rasmus Ristolainen and loses puck.
12:01 of 1st period - Erik Haula is hit by Rasmus Ristolainen and loses puck.
12:09 of 1st period - Minor Penalty to Rasmus Ristolainen for Hooking.
12:10 of 1st period - Sam Gagner wins face-off versus Ryan Nugent-Hopkins in Stars zone.
13:34 of 1st period - Shot by David Pastrnak.
13:34 of 1st period - Shot Misses the Net.
13:36 of 1st period - Shot by Paul Martin.
13:36 of 1st period - Shot Misses the Net.
13:38 of 1st period - Shot by Dennis Seidenberg.
13:38 of 1st period - Stopped by Jonathan Quick without a rebound.
13:39 of 1st period - John Mitchell wins face-off versus Jonathan Drouin in Stars zone.
13:39 of 1st period - John Mitchell is hit by Jonathan Drouin.
14:10 of 1st period - Icing by Sam Gagner.
14:11 of 1st period - Ryan Hartman wins face-off versus Jack Eichel in RedWings zone.
14:39 of 1st period - Erik Haula is hit by Rasmus Ristolainen and loses puck.
15:18 of 1st period - Rasmus Ristolainen is hit by David Pastrnak and loses puck.
15:40 of 1st period - Loui Eriksson is hit by Rasmus Ristolainen.
15:51 of 1st period - Icing by Nick Jensen.
15:52 of 1st period - Ryan Nugent-Hopkins wins face-off versus Sam Gagner in RedWings zone.
16:33 of 1st period - Shot by Kyle Okposo.
16:33 of 1st period - Shot Blocked by Dennis Seidenberg.
18:07 of 1st period - Ben Lovejoy is hit by Rasmus Ristolainen and loses puck.
18:24 of 1st period - Shot by John Klingberg.
18:24 of 1st period - Stopped by John Gibson with a rebound.
18:26 of 1st period - Shot by John Klingberg.
18:26 of 1st period - Stopped by John Gibson without a rebound.
18:27 of 1st period - Jack Eichel wins face-off versus Sam Gagner in RedWings zone.
18:53 of 1st period - Jakub Voracek is hit by Eric Gryba.
19:17 of 1st period - Minor Penalty to Eric Gryba for Tripping.
19:18 of 1st period - Erik Haula wins face-off versus Ryan Nugent-Hopkins in RedWings zone.
19:37 of 1st period - Shot by Erik Haula.
19:37 of 1st period - Stopped by Jonathan Quick without a rebound.
19:38 of 1st period - Jonathan Huberdeau wins face-off versus Erik Haula in Stars zone.
Goals for this period are 0 for Stars vs 0 for RedWings.
Shots for this period are 4 for Stars vs 5 for RedWings.

2nd period


0:01 of 2nd period - Jack Eichel wins face-off versus Erik Haula in neutral zone.
0:26 of 2nd period - Shot by Duncan Keith.
0:26 of 2nd period - Shot Misses the Net.
0:28 of 2nd period - Shot by Duncan Keith.
0:28 of 2nd period - Stopped by John Gibson without a rebound.
0:29 of 2nd period - Erik Haula wins face-off versus Ryan Nugent-Hopkins in RedWings zone.
0:35 of 2nd period - Icing by Rasmus Ristolainen.
0:36 of 2nd period - Erik Haula wins face-off versus Ryan Nugent-Hopkins in Stars zone.
0:39 of 2nd period - Shot by Loui Eriksson.
0:39 of 2nd period - Shot Misses the Net.
0:54 of 2nd period - Icing by Rasmus Ristolainen.
0:55 of 2nd period - Ryan Nugent-Hopkins wins face-off versus Erik Haula in Stars zone.
1:00 of 2nd period - Erik Haula is hit by Paul Byron and loses puck.
1:38 of 2nd period - Eric Gryba is hit by Duncan Keith and loses puck.
1:43 of 2nd period - Shot by Sean Monahan.
1:43 of 2nd period - Stopped by Jonathan Quick without a rebound.
1:44 of 2nd period - Sam Gagner wins face-off versus Devin Shore in Stars zone.
2:00 of 2nd period - Shot by Loui Eriksson.
2:00 of 2nd period - Shot Misses the Net.
2:04 of 2nd period - Shot by Sam Gagner.
2:04 of 2nd period - Shot Misses the Net.
2:06 of 2nd period - Shot by Ben Lovejoy.
2:06 of 2nd period - Shot Misses the Net.
2:41 of 2nd period - Shot by Sean Monahan.
2:41 of 2nd period - Shot Blocked by Zdeno Chara.
3:15 of 2nd period - Shot by Jack Eichel.
3:15 of 2nd period - Shot Misses the Net.
3:26 of 2nd period - Icing by Dennis Seidenberg.
3:27 of 2nd period - Sean Monahan wins face-off versus Paul Byron in RedWings zone.
3:33 of 2nd period - Dennis Seidenberg is hit by Rasmus Ristolainen and loses puck.
4:38 of 2nd period - Shot by Jonny Brodzinski.
4:38 of 2nd period - Stopped by John Gibson with a rebound.
4:40 of 2nd period - Shot by Jonny Brodzinski.
4:40 of 2nd period - Shot Misses the Net.
4:49 of 2nd period - Icing by Paul Martin.
4:50 of 2nd period - Sam Gagner wins face-off versus Richard Panik in RedWings zone.
4:52 of 2nd period - Icing by Loui Eriksson.
4:53 of 2nd period - Devin Shore wins face-off versus Sam Gagner in RedWings zone.
5:02 of 2nd period - Icing by Sam Gagner.
5:03 of 2nd period - Sam Gagner wins face-off versus Ryan Nugent-Hopkins in RedWings zone.
5:20 of 2nd period - Ben Lovejoy is hit by Kyle Okposo and loses puck.
5:39 of 2nd period - Shot by Kyle Okposo.
5:39 of 2nd period - Stopped by John Gibson without a rebound.
5:40 of 2nd period - Sean Monahan wins face-off versus Jack Eichel in RedWings zone.
5:53 of 2nd period - Shot by Filip Forsberg.
5:53 of 2nd period - Stopped by Jonathan Quick without a rebound.
5:54 of 2nd period - Erik Haula wins face-off versus Richard Panik in Stars zone.
6:01 of 2nd period - Shot by Nick Jensen.
6:01 of 2nd period - Stopped by Jonathan Quick without a rebound.
6:02 of 2nd period - Jack Eichel wins face-off versus Sean Monahan in Stars zone.
7:19 of 2nd period - Minor Penalty to Loui Eriksson for Boarding.
7:20 of 2nd period - Erik Haula wins face-off versus Paul Byron in RedWings zone.
7:54 of 2nd period - Icing by Duncan Keith.
7:55 of 2nd period - Erik Haula wins face-off versus Ryan Nugent-Hopkins in Stars zone.
8:18 of 2nd period - Shot by Filip Forsberg.
8:18 of 2nd period - Shot Misses the Net.
8:24 of 2nd period - Filip Forsberg is hit by Paul Byron and loses puck.
9:43 of 2nd period - Shot by Richard Panik.
9:43 of 2nd period - Shot Misses the Net.
9:45 of 2nd period - Shot by Richard Panik.
9:45 of 2nd period - Stopped by John Gibson without a rebound.
9:46 of 2nd period - John Mitchell wins face-off versus Erik Haula in RedWings zone.
9:51 of 2nd period - Shot by Jonny Brodzinski.
9:51 of 2nd period - Shot Blocked by Paul Martin.
9:53 of 2nd period - Shot by Brandon Manning.
9:53 of 2nd period - Stopped by John Gibson without a rebound.
9:54 of 2nd period - Jonny Brodzinski wins face-off versus Filip Forsberg in RedWings zone.
10:03 of 2nd period - Shot by Sean Monahan.
10:03 of 2nd period - Shot Misses the Net.
10:05 of 2nd period - Shot by Filip Forsberg.
10:05 of 2nd period - Shot Misses the Net.
10:17 of 2nd period - Shot by Filip Forsberg.
10:17 of 2nd period - Stopped by Jonathan Quick without a rebound.
10:18 of 2nd period - Jonathan Drouin wins face-off versus Devin Shore in Stars zone.
11:06 of 2nd period - Shot by Ryan Nugent-Hopkins.
11:06 of 2nd period - Stopped by John Gibson without a rebound.
11:07 of 2nd period - Erik Haula wins face-off versus Ryan Nugent-Hopkins in RedWings zone.
12:13 of 2nd period - Icing by Brandon Manning.
12:14 of 2nd period - Sean Monahan wins face-off versus Jack Eichel in Stars zone.
12:36 of 2nd period - Jonathan Huberdeau is hit by Ben Lovejoy.
12:40 of 2nd period - Shot by Jack Eichel.
12:40 of 2nd period - Goal by Jack Eichel - Stars : 1 - RedWings : 0.
12:41 of 2nd period - Sam Gagner wins face-off versus Devin Shore in neutral zone.
12:57 of 2nd period - Sam Gagner is hit by Richard Panik.
12:58 of 2nd period - Icing by Sam Gagner.
12:59 of 2nd period - Ryan Nugent-Hopkins wins face-off versus Sam Gagner in RedWings zone.
12:59 of 2nd period - Ryan Nugent-Hopkins is hit by Eric Gryba.
13:07 of 2nd period - Shot by Kyle Okposo.
13:07 of 2nd period - Stopped by John Gibson without a rebound.
13:08 of 2nd period - Sean Monahan wins face-off versus Jack Eichel in RedWings zone.
13:40 of 2nd period - Shot by Filip Forsberg.
13:40 of 2nd period - Stopped by Jonathan Quick without a rebound.
13:41 of 2nd period - Sam Gagner wins face-off versus Ryan Nugent-Hopkins in Stars zone.
13:46 of 2nd period - Shot by Sam Gagner.
13:46 of 2nd period - Shot Misses the Net.
14:20 of 2nd period - Dennis Seidenberg is hit by Kyle Okposo and loses puck.
14:59 of 2nd period - Icing by Rasmus Ristolainen.
15:00 of 2nd period - Sean Monahan wins face-off versus Ryan Nugent-Hopkins in Stars zone.
15:07 of 2nd period - Shot by Filip Forsberg.
15:07 of 2nd period - Deflect By Sean Monahan.
15:07 of 2nd period - Stopped by Jonathan Quick without a rebound.
15:08 of 2nd period - Sean Monahan wins face-off versus Jack Eichel in Stars zone.
16:00 of 2nd period - Off-side.
16:01 of 2nd period - Devin Shore wins face-off versus Erik Haula in neutral zone.
16:03 of 2nd period - Jeff Petry is hit by Kris Russell and loses puck.
16:54 of 2nd period - Shot by Jonny Brodzinski.
16:54 of 2nd period - Shot Misses the Net.
16:56 of 2nd period - Shot by John Mitchell.
16:56 of 2nd period - Goal by John Mitchell - Stars : 2 - RedWings : 0.
16:57 of 2nd period - Ryan Nugent-Hopkins wins face-off versus Sam Gagner in neutral zone.
17:00 of 2nd period - Nick Jensen is hit by Paul Byron and loses puck.
17:21 of 2nd period - Shot by Kyle Okposo.
17:21 of 2nd period - Shot Blocked by Eric Gryba.
17:30 of 2nd period - Icing by Eric Gryba.
17:31 of 2nd period - Sam Gagner wins face-off versus Jack Eichel in RedWings zone.
17:40 of 2nd period - Jack Eichel is hit by Sam Gagner and loses puck.
17:49 of 2nd period - Shot by Jack Eichel.
17:49 of 2nd period - Goal by Jack Eichel - Stars : 3 - RedWings : 0.
17:50 of 2nd period - Devin Shore wins face-off versus Sean Monahan in neutral zone.
17:50 of 2nd period - Brandon Manning is hit by Filip Forsberg and loses puck.
18:10 of 2nd period - Shot by Devin Shore.
18:10 of 2nd period - Shot Blocked by Ben Lovejoy.
18:13 of 2nd period - Icing by Sean Monahan.
18:14 of 2nd period - Sean Monahan wins face-off versus Jack Eichel in RedWings zone.
18:33 of 2nd period - Shot by Sean Monahan.
18:33 of 2nd period - Stopped by Jonathan Quick with a rebound.
18:35 of 2nd period - Shot by Ben Lovejoy.
18:35 of 2nd period - Shot Blocked by Duncan Keith.
18:47 of 2nd period - Duncan Keith is hit by Erik Haula and loses puck.
18:56 of 2nd period - Shot by Tyler Toffoli.
18:56 of 2nd period - Shot Misses the Net.
18:58 of 2nd period - Shot by Ryan Hartman.
18:58 of 2nd period - Shot Blocked by Duncan Keith.
19:06 of 2nd period - Shot by Tyler Toffoli.
19:06 of 2nd period - Stopped by Jonathan Quick without a rebound.
19:07 of 2nd period - Paul Byron wins face-off versus Sam Gagner in Stars zone.
19:07 of 2nd period - Paul Byron is hit by Sam Gagner.
Goals for this period are 3 for Stars vs 0 for RedWings.
Shots for this period are 10 for Stars vs 8 for RedWings.

3rd period


0:01 of 3rd period - Sean Monahan wins face-off versus Jack Eichel in neutral zone.
0:01 of 3rd period - Sean Monahan is hit by Jonathan Huberdeau.
0:18 of 3rd period - Minor Penalty to Paul Martin for Cross-checking.
0:19 of 3rd period - Erik Haula wins face-off versus Ryan Nugent-Hopkins in RedWings zone.
0:19 of 3rd period - Erik Haula is hit by Paul Byron.
0:29 of 3rd period - Shot by Duncan Keith.
0:29 of 3rd period - Shot Blocked by Dennis Seidenberg.
0:31 of 3rd period - Shot by Duncan Keith.
0:31 of 3rd period - Shot Blocked by Thomas Hickey.
1:09 of 3rd period - Shot by Sean Monahan.
1:09 of 3rd period - Deflect By Andrew Cogliano.
1:09 of 3rd period - Stopped by Jonathan Quick without a rebound.
1:10 of 3rd period - Sean Monahan wins face-off versus Jack Eichel in Stars zone.
2:20 of 3rd period - Shot by Kyle Okposo.
2:20 of 3rd period - Stopped by John Gibson with a rebound.
2:44 of 3rd period - Shot by Tommy Wingels.
2:44 of 3rd period - Shot Blocked by Ben Lovejoy.
2:44 of 3rd period - Ben Lovejoy from RedWings is injured at 2:44 of 3rd period (Right Hip).
2:45 of 3rd period - Erik Haula wins face-off versus Jonathan Huberdeau in RedWings zone.
2:52 of 3rd period - Shot by Ryan Hartman.
2:52 of 3rd period - Stopped by Jonathan Quick without a rebound.
2:53 of 3rd period - Sam Gagner wins face-off versus Ryan Nugent-Hopkins in Stars zone.
2:53 of 3rd period - Sam Gagner is hit by Duncan Keith.
3:03 of 3rd period - Shot by Loui Eriksson.
3:03 of 3rd period - Shot Blocked by Duncan Keith.
3:34 of 3rd period - Minor Penalty to Kyle Okposo for Delaying the game.
3:35 of 3rd period - Sean Monahan wins face-off versus John Mitchell in Stars zone.
3:36 of 3rd period - Shot by Filip Forsberg.
3:36 of 3rd period - Stopped by Jonathan Quick with a rebound.
3:56 of 3rd period - Sean Monahan is hit by Zdeno Chara.
4:20 of 3rd period - Shot by John Mitchell.
4:20 of 3rd period - Stopped by John Gibson without a rebound.
4:21 of 3rd period - Sam Gagner wins face-off versus Ryan Nugent-Hopkins in RedWings zone.
4:42 of 3rd period - Shot by David Pastrnak.
4:42 of 3rd period - Stopped by Jonathan Quick without a rebound.
4:43 of 3rd period - Sean Monahan wins face-off versus John Mitchell in Stars zone.
4:58 of 3rd period - Shot by Tyler Toffoli.
4:58 of 3rd period - Stopped by Jonathan Quick without a rebound.
4:59 of 3rd period - Sean Monahan wins face-off versus Ryan Nugent-Hopkins in Stars zone.
5:02 of 3rd period - Shot by Sean Monahan.
5:02 of 3rd period - Stopped by Jonathan Quick with a rebound.
5:06 of 3rd period - Shot by Filip Forsberg.
5:06 of 3rd period - Stopped by Jonathan Quick without a rebound.
5:07 of 3rd period - Sam Gagner wins face-off versus Ryan Nugent-Hopkins in Stars zone.
5:12 of 3rd period - Shot by Loui Eriksson.
5:12 of 3rd period - Stopped by Jonathan Quick without a rebound.
5:13 of 3rd period - Sean Monahan wins face-off versus Ryan Nugent-Hopkins in Stars zone.
5:42 of 3rd period - Shot by Erik Haula.
5:42 of 3rd period - Stopped by Jonathan Quick without a rebound.
5:43 of 3rd period - Erik Haula wins face-off versus Jack Eichel in Stars zone.
5:49 of 3rd period - Off-side.
5:50 of 3rd period - Sean Monahan wins face-off versus Jack Eichel in neutral zone.
5:53 of 3rd period - Shot by Sean Monahan.
5:53 of 3rd period - Shot Misses the Net.
6:05 of 3rd period - Icing by Sean Monahan.
6:06 of 3rd period - Sean Monahan wins face-off versus Devin Shore in RedWings zone.
6:06 of 3rd period - Filip Forsberg is hit by Tommy Wingels and loses puck.
6:21 of 3rd period - Shot by Filip Forsberg.
6:21 of 3rd period - Stopped by Jonathan Quick without a rebound.
6:22 of 3rd period - Sam Gagner wins face-off versus Jack Eichel in Stars zone.
6:47 of 3rd period - Shot by Sam Gagner.
6:47 of 3rd period - Shot Misses the Net.
7:59 of 3rd period - Sam Gagner is hit by Brandon Manning and loses puck.
8:20 of 3rd period - Shot by Tommy Wingels.
8:20 of 3rd period - Shot Misses the Net.
9:01 of 3rd period - Shot by Duncan Keith.
9:01 of 3rd period - Stopped by John Gibson without a rebound.
9:02 of 3rd period - Ryan Nugent-Hopkins wins face-off versus Erik Haula in RedWings zone.
9:09 of 3rd period - Shot by Ryan Nugent-Hopkins.
9:09 of 3rd period - Stopped by John Gibson without a rebound.
9:10 of 3rd period - Sean Monahan wins face-off versus Jack Eichel in RedWings zone.
9:20 of 3rd period - Jack Eichel is hit by Sean Monahan and loses puck.
9:36 of 3rd period - Icing by Eric Gryba.
9:37 of 3rd period - Ryan Nugent-Hopkins wins face-off versus Sean Monahan in RedWings zone.
9:37 of 3rd period - Ryan Nugent-Hopkins is hit by Eric Gryba.
9:41 of 3rd period - Shot by Kyle Okposo.
9:41 of 3rd period - Shot Misses the Net.
9:59 of 3rd period - Shot by Paul Byron.
9:59 of 3rd period - Stopped by John Gibson without a rebound.
10:00 of 3rd period - Devin Shore wins face-off versus Erik Haula in RedWings zone.
10:13 of 3rd period - Shot by Ryan Hartman.
10:13 of 3rd period - Shot Blocked by Richard Panik.
10:15 of 3rd period - Shot by Dennis Seidenberg.
10:15 of 3rd period - Stopped by Jonathan Quick with a rebound.
10:17 of 3rd period - Shot by Ryan Hartman.
10:17 of 3rd period - Shot Misses the Net.
10:19 of 3rd period - Shot by Erik Haula.
10:19 of 3rd period - Goal by Erik Haula - Stars : 3 - RedWings : 1.
10:20 of 3rd period - Ryan Nugent-Hopkins wins face-off versus Erik Haula in neutral zone.
11:08 of 3rd period - Duncan Keith is hit by Dennis Seidenberg and loses puck.
11:28 of 3rd period - Shot by Jack Eichel.
11:28 of 3rd period - Stopped by John Gibson without a rebound.
11:29 of 3rd period - Devin Shore wins face-off versus Sean Monahan in RedWings zone.
11:36 of 3rd period - Shot by Filip Forsberg.
11:36 of 3rd period - Shot Misses the Net.
13:10 of 3rd period - Paul Byron is hit by Ryan Hartman and loses puck.
13:17 of 3rd period - Duncan Keith is hit by Ryan Hartman and loses puck.
14:16 of 3rd period - Off-side.
14:17 of 3rd period - Sean Monahan wins face-off versus Devin Shore in neutral zone.
14:21 of 3rd period - Icing by Rasmus Ristolainen.
14:22 of 3rd period - Devin Shore wins face-off versus Sean Monahan in Stars zone.
14:22 of 3rd period - Devin Shore is hit by Eric Gryba.
14:38 of 3rd period - Shot by Richard Panik.
14:38 of 3rd period - Shot Misses the Net.
14:40 of 3rd period - Shot by John Klingberg.
14:40 of 3rd period - Stopped by John Gibson with a rebound.
14:42 of 3rd period - Shot by Tommy Wingels.
14:42 of 3rd period - Shot Blocked by Eric Gryba.
14:58 of 3rd period - Shot by Richard Panik.
14:58 of 3rd period - Shot Blocked by Paul Martin.
15:08 of 3rd period - Paul Martin is hit by Paul Byron.
15:19 of 3rd period - Shot by Kyle Okposo.
15:19 of 3rd period - Deflect By Paul Byron.
15:19 of 3rd period - Stopped by John Gibson without a rebound.
15:20 of 3rd period - Sam Gagner wins face-off versus Jack Eichel in RedWings zone.
15:40 of 3rd period - Icing by Kris Russell.
15:41 of 3rd period - Sam Gagner wins face-off versus Ryan Nugent-Hopkins in RedWings zone.
16:21 of 3rd period - Shot by Erik Haula.
16:21 of 3rd period - Shot Misses the Net.
16:33 of 3rd period - Shot by Ryan Hartman.
16:33 of 3rd period - Shot Misses the Net.
16:56 of 3rd period - Icing by Zdeno Chara.
16:57 of 3rd period - Ryan Nugent-Hopkins wins face-off versus Sam Gagner in Stars zone.
17:21 of 3rd period - Off-side.
17:22 of 3rd period - Devin Shore wins face-off versus Sean Monahan in neutral zone.
17:22 of 3rd period - Devin Shore is hit by Sean Monahan.
17:29 of 3rd period - Icing by Dennis Seidenberg.
17:30 of 3rd period - Sean Monahan wins face-off versus Jack Eichel in RedWings zone.
17:54 of 3rd period - Minor Penalty to Rasmus Ristolainen for Slashing.
17:55 of 3rd period - John Mitchell wins face-off versus Sean Monahan in Stars zone.
18:16 of 3rd period - Shot by Jonathan Drouin.
18:16 of 3rd period - Stopped by Jonathan Quick without a rebound.
18:17 of 3rd period - Ryan Nugent-Hopkins wins face-off versus Sam Gagner in Stars zone.
19:21 of 3rd period - Icing by Filip Forsberg.
19:22 of 3rd period - Sean Monahan wins face-off versus Ryan Nugent-Hopkins in RedWings zone.
19:55 of 3rd period - Shot by Tyler Toffoli.
19:55 of 3rd period - Shot Misses the Net.
Goals for this period are 0 for Stars vs 1 for RedWings.
Shots for this period are 8 for Stars vs 13 for RedWings.